 Dungeon Crawl Stone Soup version 0.29-a0-887-gcbe080d7e0 (webtiles) character file.

Game seed: 1057517903560305702

12568 night the Prestidigitator (level 11, 0/78 HPs)
             Began as a Demonspawn Artificer on May 27, 2022.
             Was a Priest of Ashenzari.
             Slain by a ten-headed hydra (3 damage)
             ... on level 1 of the Lair of Beasts on July 21, 2022.
             The game lasted 00:33:15 (11311 turns).

night the Prestidigitator (Demonspawn Artificer)   Turns: 11311, Time: 00:33:16

Health: 0/78       AC: 14    Str: 21    XL:     11   Next: 64%
Magic:  0/12       EV: 13    Int: 15    God:    Ashenzari [***...]
Gold:   572        SH:  0    Dex: 13    Spells: 1/11 levels left

rFire   . . .      SeeInvis +   y - +5 glaive (elec)
rCold   + . .      Faith    .   (shield currently unavailable)
rNeg    . . .      Spirit   +   t - +1 ring mail {rC+}
rPois   .          Reflect  .   v - +0 mask of the Dragon {Will+ Slay+3 SInv, Elem, Fort} (curse)
rElec   .          Harm     .   q - +1 cloak of Apeoromancy {Evo, Comp} (curse)
rCorr   .          Rampage  .   n - +0 pair of gloves "Lashed With Me" {Alch, Bglg} (curse)
Will    +....      Clarity  +   P - +2 pair of boots "Sorrow of Ashenzari" {Stlth+, Elem, Bglg} (curse)
Stlth   ++........              f - amulet of guardian spirit
HPRegen 0.23/turn               r - ring of the Visionary Empyrean {Str+6, Cun, Elem} (curse)
MPRegen 0.13/turn               L - ring of wizardry

@: no status effects
A: powered by death 1, spiny 2, sharp scales 1, demonic touch 1
a: Renounce Religion, Shatter the Chains


You were on level 1 of the Lair of Beasts.
You worshipped Ashenzari.
Ashenzari was most pleased with you.
You visited 3 branches of the dungeon, and saw 12 of its levels.
You also visited: Sewer.

You collected 873 gold pieces.
You spent 301 gold pieces at shops.

Inventory:

Hand Weapons
 a - a +0 club
 h - a +0 dagger of protection
 j - a +2 short sword of flaming
 u - a +2 vorpal falchion
 y - a +5 glaive of electrocution (weapon)
 F - a +1 vampiric halberd
 I - a +0 shortbow
Missiles
 k - 167 stones
 p - 3 boomerangs
 H - 13 poisoned darts
 O - 2 throwing nets
Armour
 n - the cursed +0 pair of gloves "Lashed With Me" (worn) {Alch, Bglg}
   (You found it on level 6 of the Dungeon)

   It has a curse which improves the following skills: Alchemy: Poison Magic and
   Transmutations.
   Beguiling: Conjurations, Hexes and Translocations.
 q - the cursed +1 cloak of Apeoromancy (worn) {Evo, Comp}
   (You found it on level 1 of the Dungeon)

   It has a curse which improves the following skills: Evocations: Evocations.
   Companions: Summonings and Necromancy.
 t - a +1 ring mail of cold resistance (worn)
 v - the cursed +0 mask of the Dragon (worn) {Will+ Slay+3 SInv, Elem, Fort}
   (You acquired it on level 5 of the Dungeon)

   Slay:      It affects your accuracy & damage with ranged weapons and melee
   (+3).
   SInv:      It lets you see invisible.
   Will:      It increases your willpower.
   It has a curse which improves the following skills: Elements: Fire Magic, Ice
   Magic, Air Magic and Earth Magic.
   Fortitude: Armour and Shields.
 P - the cursed +2 pair of boots "Sorrow of Ashenzari" (worn) {Stlth+, Elem, Bglg}
   (You bought it in a shop on level 10 of the Dungeon)

   It has a curse which improves the following skills: Elements: Fire Magic, Ice
   Magic, Air Magic and Earth Magic.
   Beguiling: Conjurations, Hexes and Translocations.
Jewellery
 f - an amulet of guardian spirit (around neck)
 r - the cursed ring of the Visionary Empyrean (left hand) {Str+6, Cun, Elem}
   (You found it on level 2 of the Dungeon)

   [ring of strength]

   Str:       It affects your strength (+6).
   It has a curse which improves the following skills: Cunning: Dodging and
   Stealth.
   Elements:  Fire Magic, Ice Magic, Air Magic and Earth Magic.
 L - a ring of wizardry (right hand)
 M - a +4 ring of evasion
 V - a ring of protection from cold
Wands
 b - a wand of digging (2)
 d - a wand of charming (7)
 e - a wand of iceblast (5)
 E - a wand of mindburst (15)
 J - a wand of flame (22)
 K - a wand of acid (9)
 N - a wand of roots (8)
Scrolls
 s - a scroll of fear
 z - 2 scrolls of fog
 G - 2 scrolls of teleportation
 R - 2 scrolls of enchant armour
 S - 3 scrolls of blinking
 T - a scroll of amnesia
Potions
 c - 2 potions of invisibility
 g - 4 potions of mutation
 i - 3 potions of brilliance
 l - a potion of ambrosia
 m - a potion of berserk rage
 o - 5 potions of lignification
 w - 2 potions of magic
 x - 8 potions of curing
 A - a potion of heal wounds
 B - a potion of haste
 C - 2 potions of attraction
 D - 2 potions of might
 U - a potion of cancellation
Miscellaneous
 Q - a lightning rod (4/4)


   Skills:
 - Level 4.9 Fighting
 + Level 8.6 Polearms
 + Level 3.9(5.4) Armour
 + Level 3.6(5.1) Dodging
 - Level 1.0(2.0) Stealth
 + Level 0.9 Spellcasting
 + Level 8.4(10.9) Translocations
 + Level 11.6(13.1) Evocations


You had one spell level left.
You knew the following spells:

 Your Spells              Type           Power      Damage    Failure   Level
a - Blink                 Tloc           66%        N/A       1%          2
b - Manifold Assault      Tloc           33%        N/A       4%          5
c - Teleport Other        Tloc           33%        N/A       1%          3

Your spell library contained the following spells:

 Spells                   Type           Power      Damage    Failure   Level
 Magic Dart               Conj           4%         1d3       14%         1
 Necrotise                Necr           4%         1d4       14%         1
 Summon Small Mammal      Summ           4%         N/A       14%         1
 Gell's Gravitas          Tloc           33%        N/A       1%          3
 Lesser Beckoning         Tloc           33%        N/A       1%          3
 Portal Projectile        Hex/Tloc       34%        N/A       4%          3
 Searing Ray              Conj           2%         2d4       21%         2
 Sublimation of Blood     Necr           1%         N/A       21%         2
 Wereblood                Tmut           1%         N/A       21%         2
 Dispersal                Tloc           16%        N/A       26%         6
 Conjure Flame            Conj/Fire      1%         6-21      36%         3
 Call Canine Familiar     Summ           1%         N/A       38%         3
 Ignite Poison            Fire/Tmut/Pois 1%         N/A       38%         3
 Summon Guardian Golem    Hex/Summ       1%         N/A       38%         3
 Tukima's Dance           Hex            1%         N/A       38%         3
 Vampiric Draining        Necr           1%         2d6       38%         3
 Leda's Liquefaction      Hex/Erth       0%         N/A       75%         4
 Sticky Flame             Conj/Fire      1%         2d3       75%         4
 Fulminant Prism          Conj/Hex       0%         3d6       77%         4
 Lee's Rapid Deconstruct  Erth           1%         3d5*      96%         5
 Agony                    Necr           1%         N/A       98%         5
 Blade Hands              Tmut           0%         N/A       98%         5
 Statue Form              Tmut/Erth      0%         N/A       100%        6
 Storm Form               Tmut/Air       0%         N/A       100%        7
 Summon Hydra             Summ           0%         N/A       100%        7
 Disjunction              Tloc           16%        N/A       100%        8


Dungeon Overview and Level Annotations

Branches:
Dungeon (10/15)            Temple (1/1) D:5            Lair (1/6) D:10
    Orc (0/2) D:10          Sewer (visited)

Altars:
Ashenzari
Cheibriados
Dithmenos
Fedhas
Gozag
Hepliaklqana
Kikubaaqudgha
Makhleb
Nemelex Xobeh
Okawaru
Qazlal
Ru
Sif Muna
Trog
Uskayaw
Vehumet
Wu Jian
Xom
Yredelemnul

Shops:
D:5 :   D:6 *   D:10 [

Annotations:
D:6 2 runed translucent doors, Edmund


Innate Abilities, Weirdness & Mutations

You regenerate a little health from kills.
You are mostly covered in sharp spines.
You are partially covered in razor-sharp scales. (AC +1, Slay +1)
Your touch may inflict minor irresistible damage on your foes.


Message History

The six-headed hydra grows two more!
You slash the eight-headed hydra!
The eight-headed hydra is lightly wounded.
The eight-headed hydra bites you but does no damage. x3
The eight-headed hydra misses you.
The eight-headed hydra bites you but does no damage. x2
The eight-headed hydra barely misses you.
The eight-headed hydra closely misses you.
You hack one of the eight-headed hydra's heads off!
The seven-headed hydra grows two more!
You slash the nine-headed hydra!
The nine-headed hydra is lightly wounded.
The nine-headed hydra is struck by your spines.
The nine-headed hydra bites you!
The nine-headed hydra barely misses you.
The nine-headed hydra bites you. The nine-headed hydra bites you!
The nine-headed hydra completely misses you.
The nine-headed hydra bites you! x2
The nine-headed hydra barely misses you.
The nine-headed hydra bites you but does no damage.
You chop one of the nine-headed hydra's heads off!
The eight-headed hydra grows two more!
You slice the ten-headed hydra!!
The ten-headed hydra is heavily wounded.
The ten-headed hydra is struck by your spines.
The ten-headed hydra bites you. The ten-headed hydra bites you!
The ten-headed hydra misses you.
The ten-headed hydra bites you but does no damage.
The ten-headed hydra bites you!
* * * LOW HITPOINT WARNING * * *
The ten-headed hydra closely misses you.
The ten-headed hydra bites you but does no damage. x2
The ten-headed hydra closely misses you.
The ten-headed hydra bites you but does no damage.
The ten-headed hydra is struck by your spines.
The ten-headed hydra bites you!
* * * LOW HITPOINT WARNING * * *
The ten-headed hydra bites you but does no damage. x2
The ten-headed hydra bites you!
* * * LOW HITPOINT WARNING * * *
The ten-headed hydra bites you but does no damage. x3
The ten-headed hydra bites you.
You die...

##.# #...#...## * **. ,
#.#####...#..... ,.., *
###.##...⌠.#...... ...,,,
#................. *....
#.....###+.#...... .)...####
#.....'...##......
........####.....###.##......
.....P....##.....# ######.###
......##P.lD@....# #...#
.#..#,*###.#.....# ##..# #.
,, #####+#.## ##.# * *,*
#....# #.# , , , ###.#+.###
#.# ,, ,, * *#........#
#####'# , .##........#
#...... ,, *
P..........###...... ,
*≈♣≈........##.......


You could see a ten-headed hydra and a komodo dragon.

Vanquished Creatures
  Josephine (D:10)
  A two-headed ogre (D:7)
  3 death yaks (D:10)
  Pikel (D:7)
  An unseen horror (D:10)
  A komodo dragon (Lair:1)
  A troll (D:9)
  A shadow (D:10)
  3 wyverns
  4 wraiths (D:10)
  19 yaks
  A steam dragon (D:8)
  4 water moccasins
  3 orc warriors
  2 ice beasts (D:7)
  An ogre (D:3)
  4 wolves (Lair:1)
  A centaur (D:8)
  3 kobold brigands
  A phantom (D:4)
  3 bullfrogs
  3 gnoll sergeants
  2 necrophages
  A scorpion (D:6)
  4 wights (D:7)
  13 killer bees
  3 howler monkeys (D:7)
  4 hounds
  3 jellies
  8 orc priests
  2 gnoll boudas
  2 iguanas (D:5)
  10 orc wizards
  A hell rat (D:10)
  Robin (D:4)
  27 gnolls
  7 adders
  A river rat (D:10)
  2 shadow imps
  2 white imps
  An ufetubus (D:7)
  4 worms
  27 orcs
  9 endoplasms
  3 giant cockroaches
  12 hobgoblins
  A jackal (D:2)
  27 kobolds
  6 quokkas
  7 ball pythons
  5 bats
  6 frilled lizards
  14 goblins
  10 rats
287 creatures vanquished.

Vanquished Creatures (collateral kills)
  An endoplasm (D:1)
  A hobgoblin (D:2)
  2 jackals (D:2)
4 creatures vanquished.

Vanquished Creatures (others)
  A gnoll (D:3)
  2 adders
  A quokka (D:1)
  5 fungi
  2 plants (Lair:1)
11 creatures vanquished.

Grand Total: 302 creatures vanquished

Notes
Turn   | Place    | Note
-------+----------+-------------------------------------------
     0 | D:1      | night the Demonspawn Artificer began the quest for the Orb.
     0 | D:1      | Reached XP level 1. HP: 15/15 MP: 1/1
    56 | D:1      | Reached skill level 1 in Dodging
    56 | D:1      | Reached skill level 1 in Stealth
   114 | D:1      | HP: 2/15 [frozen (4)]
   463 | D:1      | Gained mutation: You are partially covered in sharp spines.
                  | [demonic ancestry]
   463 | D:1      | Reached XP level 2. HP: 4/21 MP: 2/2
   868 | D:1      | HP: 3/22 [quokka (2)]
   876 | D:1      | Reached skill level 2 in Fighting
  1068 | D:1      | Gained mutation: You regenerate a little health from kills.
                  | [demonic ancestry]
  1068 | D:1      | Reached XP level 3. HP: 19/27 MP: 3/3
  1402 | D:2      | Found a hazy altar of Hepliaklqana.
  1988 | D:2      | Reached skill level 4 in Evocations
  1988 | D:2      | Reached XP level 4. HP: 33/34 MP: 2/4
  2555 | D:3      | Found a stormy altar of Qazlal.
  2556 | D:3      | Found an ancient bone altar of Kikubaaqudgha.
  2556 | D:3      | Noticed an ogre
  2562 | D:3      | Killed an ogre
  2563 | D:3      | Reached XP level 5. HP: 42/42 MP: 5/5
  3159 | D:3      | Upgraded the game from 0.29-a0-330-g52719c12eb to
                  | 0.29-a0-885-gb26ba3297d
  3199 | D:4      | Reached skill level 5 in Evocations
  3242 | D:4      | Noticed a phantom
  3256 | D:4      | Killed a phantom
  3257 | D:4      | Gained mutation: You are partially covered in razor-sharp
                  | scales. (AC +1, Slay +1) [demonic ancestry]
  3257 | D:4      | Reached XP level 6. HP: 39/49 MP: 4/6
  3430 | D:4      | Noticed Robin
  3456 | D:4      | Killed Robin
  3777 | D:4      | Learned a level 2 spell: Blink
  3839 | D:5      | Entered Level 5 of the Dungeon
  3849 | D:5      | Found a staircase to the Ecumenical Temple.
  3878 | Temple   | Entered the Ecumenical Temple
  4019 | Temple   | Became a worshipper of Ashenzari the Shackled
  4128 | D:5      | Reached skill level 1 in Translocations
  4128 | D:5      | Reached skill level 6 in Evocations
  4128 | D:5      | Reached XP level 7. HP: 55/55 MP: 7/7
  4224 | D:5      | Found a glowing drain.
  4232 | Sewer    | Entered a sewer
  4268 | Sewer    | Reached skill level 2 in Translocations
  4490 | D:5      | Identified 2 scrolls of acquirement
  4490 | D:5      | Acquired the +0 mask of the Dragon {Will+ Slay+3 SInv}
  4490 | D:5      | Found the +0 mask of the Dragon {Will+ Slay+3 SInv}
  4502 | D:5      | Acquired a +4 glaive of freezing
  5008 | D:5      | Found Zemenuf's Tremendous Tomes.
  5116 | D:6      | Reached skill level 1 in Polearms
  5172 | D:6      | Reached skill level 7 in Evocations
  5244 | D:6      | Reached skill level 2 in Polearms
  5244 | D:6      | Reached XP level 8. HP: 57/61 MP: 6/8
  5401 | D:6      | Identified the +0 rapier "Qemupnuz" {chaos, Fly rN++ Str-3
                  | Int-3 Dex+4}
  5429 | D:6      | Found a large runed translucent door.
  5429 | D:6      | Found a large runed translucent door.
  5430 | D:6      | Found a shimmering altar of Xom.
  5451 | D:6      | Found Hiprefarys's Assorted Antiques.
  5788 | D:6      | Noticed Edmund
  6087 | D:7      | Reached skill level 8 in Evocations
  6093 | D:7      | Learned a level 5 spell: Manifold Assault
  6122 | D:7      | Upgraded the game from 0.29-a0-885-gb26ba3297d to
                  | 0.29-a0-887-gcbe080d7e0
  6312 | D:7      | Noticed a two-headed ogre
  6326 | D:7      | Killed a two-headed ogre
  6327 | D:7      | Reached XP level 9. HP: 64/67 MP: 9/9
  6386 | D:7      | Reached skill level 5 in Polearms
  6391 | D:7      | Noticed Pikel
  6397 | D:7      | Killed Pikel
  6398 | D:7      | Reached skill level 5 in Translocations
  6398 | D:7      | Reached skill level 9 in Evocations
  7364 | D:8      | Gained mutation: Your touch may inflict minor irresistible
                  | damage on your foes. [demonic ancestry]
  7364 | D:8      | Reached XP level 10. HP: 54/73 MP: 8/10
  7455 | D:8      | Reached skill level 10 in Evocations
  7868 | D:8      | Reached * piety under Ashenzari
  8115 | D:8      | HP: 8/73 [yak (11)]
  8692 | D:9      | Reached ** piety under Ashenzari
  9342 | D:10     | Entered Level 10 of the Dungeon
  9740 | D:10     | Reached skill level 2 in Armour
  9741 | D:10     | Reached skill level 11 in Evocations
  9872 | D:10     | Gained mutation: You are mostly covered in sharp spines.
                  | [demonic ancestry]
  9872 | D:10     | Reached XP level 11. HP: 78/78 MP: 9/11
  9887 | D:10     | Found Toffinirph's Armour Shoppe.
  9887 | D:10     | Found a staircase to the Orcish Mines.
  9922 | D:10     | Bought a +2 pair of boots of stealth for 301 gold pieces
 10007 | D:10     | Noticed Josephine
 10019 | D:10     | Killed Josephine
 10020 | D:10     | Reached skill level 2 in Dodging
 10152 | D:10     | Noticed a death yak
 10154 | D:10     | Found a staircase to the Lair.
 10155 | D:10     | Noticed a death yak
 10160 | D:10     | Noticed a death yak
 10163 | D:10     | Killed a death yak
 10172 | D:10     | Killed a death yak
 10173 | D:10     | HP: 8/78 [death yak (12)]
 10178 | D:10     | Killed a death yak
 10503 | D:10     | Learned a level 3 spell: Teleport Other
 10669 | D:10     | Reached *** piety under Ashenzari
 10829 | Lair:1   | Entered Level 1 of the Lair of Beasts
 11299 | Lair:1   | Noticed a seven-headed hydra
 11311 | Lair:1   | HP: 10/78 [ten-headed hydra (7)]
 11311 | Lair:1   | HP: 3/78 [ten-headed hydra (7)]
 11311 | Lair:1   | Slain by a ten-headed hydra

Illustrated notes

Levels and vault maps discovered:
D:1:      lemuel_arrival_hallway, layout_rooms, minmay_surrounded
D:2:      layout_basic, basic_altar, kennysheep_nondescript
D:3:      cheibrodos_old_hovel, layout_loops_ring,
          gammafunk_temple_overflow_pools
D:4:      layout_rooms, uniq_robin
D:5:      layout_loops_cross, minmay_temple_entry_drinking_statues,
          portal_sewer_entry_e, nicolae_shop_i_like_big_books
D:6:      due_chaos_kobolds, layout_loops_corners, minmay_misc_feat_columns,
          nicolae_stop_n_shop_2, dreamdust_gnoll_farm, uniq_edmund
D:7:      layout_basic, uniq_pikel
D:8:      layout_basic, hangedman_decor_diamond_cutter
D:9:      layout_basic
D:10:     layout_small_grid, dpeg_lair_monsters, orc_david_3, uniq_josephine
Temple:   regret_index_temple_chain_breaker
Lair:1:   layout_roguey, serial_bayou_pond_d, st_stairs_9, grunt_megastairs_4

Skill      XL: |  1  2  3  4  5  6  7  8  9 10 11 |
---------------+----------------------------------+-----
Dodging        | 1 3 |  3.6
Stealth        | 1 |  1.0
Fighting       | 2 3 4 |  4.9
Evocations     | 4 5 6 7 8 9 11 | 11.6
Translocations | 1 3 4 6 7 8 |  8.4
Polearms       | 2 4 6 7 8 |  8.6
Armour         | 2 3 |  3.9
Spellcasting   | |  0.9

Action                   |  1- 3 |  4- 6 |  7- 9 | 10-12 || total
-------------------------+-------+-------+-------+-------++-------
Melee: Dagger            |    56 |   197 |    59 |       ||   312
       Club              |    12 |       |       |       ||    12
       Short sword       |    25 |       |       |       ||    25
       Punch             |       |     3 |       |       ||     3
       Glaive            |       |       |   134 |   254 ||   388
 Cast: Manifold Assault  |       |       |       |     6 ||     6
       Teleport Other    |       |       |       |     1 ||     1
Invok: Curse Item        |       |       |     1 |     4 ||     5
Evoke: Wand              |    13 |    12 |     6 |     7 ||    38
  Use: Scroll            |     3 |     3 |    12 |     1 ||    19
       Potion            |       |       |       |     2 ||     2
 Stab: Sleeping          |     1 |       |       |       ||     1
       Betrayed ally     |       |     1 |       |       ||     1
       Distracted        |       |       |       |     1 ||     1
Armor: Leather armour    |    18 |       |       |       ||    18
       Ring mail         |    10 |   105 |    74 |    87 ||   276
Dodge: Dodged            |    56 |    73 |    88 |   147 ||   364

Table legend: (Time is in decaauts)
 A = Elapsed time spent in this place.
 B = Non-inter-level travel time spent in this place.
 C = Inter-level travel time spent in this place.
 D = Time resting spent in this place.
 E = Time spent auto-exploring this place.
 F = Levels seen in this place.
 G = Mean time per level.
                   A        B        C        D        E       F      G
               +--------+--------+--------+--------+--------+-----+--------+
         Total |  11480 |  11117 |    363 |   1020 |   8034 |  13 |  883.1 |
       Dungeon |  10758 |  10425 |    333 |   1020 |   7500 |  10 | 1075.8 |
        Temple |    151 |    122 |     29 |      0 |    103 |   1 |  151.0 |
          Lair |    488 |    488 |      0 |      0 |    431 |   1 |  488.0 |
         Sewer |     82 |     82 |      0 |      0 |      0 |   1 |   82.0 |
               +--------+--------+--------+--------+--------+-----+--------+

Top non-repeatable levels by time:
    D:10: 1537 daAuts
     D:1: 1397 daAuts
     D:8: 1289 daAuts
     D:6: 1200 daAuts
     D:9: 1092 daAuts
     D:3: 970 daAuts
     D:5: 921 daAuts
     D:7: 824 daAuts
     D:2: 795 daAuts
     D:4: 729 daAuts
  Lair:1: 488 daAuts
  Temple: 151 daAuts
   Sewer: 82 daAuts
